AoeStats
← Chris77A

Black Forest

504219910Analyzed
2v2 RM · 27d ago on Sep 4, 2026· 43m 38s· 4 players
Game mode
Random Map
Map size
Medium (4 player)
Population
200
Speed
Normal
Resources
Standard
Victory
Conquest
Starting age
Dark Age
Ending age
Imperial Age
RankedLock teamsTeams togetherTeam positionsShared explorationLock speedFull tech treeHidden civsTurbo modeCheats
Victory
Defeat
🇷🇺 Italians · Russia
1223
+17
🇷🇺 Turks · Russia
1214
+18
🇬🇧 Bohemians · United Kingdom
1290
-19
🇬🇧 Teutons · United Kingdom
1218
-16
MisterGabby
4:20 Loom
10:43 Feudal Age
12:36 Wheelbarrow
16:18 Castle Age
14:28 Double-Bit Axe
14:25 Horse Collar
27:08 Imperial Age
25:09 Gold Mining
25:33 Squires
26:51 Hand Cart
26:56 Bow Saw
27:11 Forging
28:04 Scale Mail Armor
29:22 Iron Casting
29:02 Chain Mail Armor
29:11 Chain Mail Armor
32:13 Blast Furnace
31:44 Plate Mail Armor
32:40 Stone Mining
33:12 Pikeman
40:38 Guilds
40:59 Heavy Plow
41:06 Fletching
41:17 Padded Archer Armor
43:32 Ballistics
43:10 Bodkin Arrow
GabbyMister
0:29 Loom
10:37 Feudal Age
17:57 Castle Age
16:20 Horse Collar
16:27 Double-Bit Axe
17:40 Gold Mining
17:44 Stone Mining
21:30 Wheelbarrow
22:14 Heavy Plow
24:29 Hand Cart
26:12 Gold Shaft Mining
29:55 Imperial Age
30:09 Bow Saw
34:27 Two-Man Saw
34:13 Forging
34:08 Scale Barding Armor
34:54 Artillery
35:15 Conscription
35:34 Hoardings
35:45 Iron Casting
35:23 Bloodlines
35:14 Husbandry
36:34 Masonry
36:34 Fortified Wall
37:28 Heavy Camel Rider
Chris77A
0:46 Loom
11:32 Feudal Age
16:08 Castle Age
15:11 Double-Bit Axe
24:09 Wheelbarrow
25:07 Bow Saw
26:30 Horse Collar
27:36 Elite Skirmisher
29:15 Hand Cart
28:48 Town Watch
29:34 Bloodlines
31:58 Bloodlines
34:21 Imperial Age
32:13 Scale Barding Armor
34:10 Fletching
34:40 Chain Barding Armor
34:22 Padded Archer Armor
34:33 Forging
34:57 Ironclad
35:27 Conscription
34:42 Cavalier
35:42 Fortified Wall
35:44 Masonry
36:35 Chemistry
38:17 Masonry
39:08 Heavy Plow
39:18 Scale Mail Armor
40:03 Bodkin Arrow
40:25 Pikeman
41:05 Squires
40:51 Arson
DrunkMonk
3:28 Loom
10:37 Feudal Age
11:02 Double-Bit Axe
19:29 Castle Age
17:58 Forging
17:45 Horse Collar
20:34 Bow Saw
22:09 Wheelbarrow
22:56 Town Watch
30:43 Imperial Age
30:20 Chemistry
29:32 Masonry
30:15 Ballistics
29:31 Elite Skirmisher
32:28 Conscription
31:42 Cavalier
32:35 Husbandry
33:48 Light Cavalry
35:35 Husbandry
35:57 Scale Barding Armor
37:41 Chain Barding Armor
37:58 Fletching
38:10 Padded Archer Armor
40:05 Bodkin Arrow
40:41 Elite Skirmisher
Connection lost

Rejoining the realm…

Still unreachable

The connection could not be restored.

Session expired

The server has moved on; the page needs a fresh start.